 Dungeon Crawl Stone Soup version 0.19.0-19-g8c6edcc (webtiles) character file.

399 Rrauwl the Grave Robber (level 6, -4/55 HPs)
             Began as a Deep Dwarf Necromancer on Nov 14, 2016.
             Was an Initiate of Fedhas.
             Blew themself up (19 damage)
             ... with a disintegration bolt
             ... on level 5 of the Dungeon.
             The game lasted 00:32:33 (2840 turns).

Rrauwl the Grave Robber (Deep Dwarf Necromancer)    Turns: 2840, Time: 00:32:34

Health: -4/55      AC:  6    Str: 10 (13) XL:     6   Next: 53%
Magic:  10/10      EV: 16    Int: 13 (16) God:    Fedhas [......]
Gold:   317        SH:  0    Dex: 11 (13) Spells: 2 memorised, 7 levels left

rFire  . . .     SeeInvis .     g - -2 club (curse)
rCold  . . .     Gourm    .     a - +0 robe
rNeg   . . .     Faith    .     (no shield)
rPois  .         Spirit   .     l - +2 helmet
rElec  .         Reflect  .     k - +0 cloak
rCorr  .         Harm     .     (no gloves)
MR     .....     Rnd*Tele +     (no boots)
Stlth  ++........               (no amulet)
                                p - +3 ring of evasion
                                n - ring of teleportation (curse)

@: non-regenerating
A: damage resistance, recharge devices, sense surroundings 1, slow regeneration
3
a: Device Recharging, Fungal Bloom, Renounce Religion


You were on level 5 of the Dungeon.
You worshipped Fedhas.
Fedhas was noncommittal.
You were hungry.

You visited 1 branch of the dungeon, and saw 5 of its levels.

You collected 457 gold pieces.
You spent 140 gold pieces at shops.

Inventory:

Hand Weapons
 g - a cursed -2 club (weapon)
 j - a +0 club
 u - a +0 club
Missiles
 m - 62 arrows
Armour
 a - a +0 robe (worn)
 k - a +0 cloak (worn)
 l - a +2 helmet (worn)
Jewellery
 h - an uncursed ring of see invisible
 n - a cursed ring of teleportation (left hand)
 p - a +3 ring of evasion (right hand)
Wands
 c - a wand of heal wounds (0/9)
 o - a wand of disintegration (1/24)
 q - a wand of heal wounds (4/9)
Scrolls
 d - a scroll of teleportation
 t - 3 scrolls of magic mapping
Potions
 e - 4 potions of curing
Books
 b - a book of Necromancy

   Spells                             Type                      Level
   a - Pain                           Necromancy                   1
   b - Animate Skeleton               Necromancy                   1
   c - Vampiric Draining              Necromancy                   3
   d - Regeneration                   Charms/Necromancy            3
   e - Animate Dead                   Necromancy                   4
   f - Control Undead                 Necromancy                   4
Comestibles
 r - 4 beef jerkies
 s - 2 meat rations


   Skills:
 + Level 2.6 Fighting
 + Level 3.6 Dodging
 + Level 4.2 Stealth
 + Level 3.1 Spellcasting
 + Level 5.7 Necromancy


You had 7 spell levels left.
You knew the following spells:

 Your Spells              Type           Power        Failure   Level  Hunger
a - Pain                  Necr           ###.         1%          1    #......
b - Vampiric Draining     Necr           ###.......   8%          3    ###....


Dungeon Overview and Level Annotations

Branches:
Dungeon (5/15)
 Temple: D:4-7

Altars:
Fedhas
Gozag

Shops:
D:4 %

Annotations:
D:3 AAAAA's ghost, weakling OpWr


Innate Abilities, Weirdness & Mutations

You are resistant to damage.
You can recharge devices by infusing magical energy.
You passively map a small area around you.
You do not regenerate.


Message History

The crimson imp blinks!
The crimson imp blinks!
The crimson imp shouts, "Return whence thou came, thou pox-marked boodle-bothering pot-faker!"
The crimson imp closely misses you.
You hit the crimson imp.
The crimson imp is lightly wounded.
The crimson imp blinks!
The crimson imp blinks!
The crimson imp misses you.
You miss the crimson imp. The crimson imp closely misses you.
You closely miss the crimson imp.
The crimson imp hits you but does no damage.
You closely miss the crimson imp. The crimson imp closely misses you.
The crimson imp blinks!
Zapping:
o - a wand of disintegration (1/24)
Press: ? - help, Shift-Dir - straight line, f - you Really target yourself?
You are blasted!
You die...
Fedhas appreciates your contribution to the ecosystem.

, ...
#.#########
#.#.....).#
,
#.#.#####.#
#.#.# #### ,
#.#5####8###
$ , ,
#.#.##(_._.#
*
#...###...##
###.@##⌠.⌠#
#...##'##
#.#....#
#.###### #.#
** *#.# ..#
* *###


You could see a crimson imp.

Vanquished Creatures
  Sigmund (D:2)
  An orc wizard (D:3)
  Jessica (D:2)
  Natasha (D:2)
  A hound skeleton (D:4)
  A gnoll (D:3)
  4 adders
  2 dart slugs (D:2)
  6 orcs
  A ball python (D:1)
  7 bats
  5 giant cockroaches
  23 goblins
  18 hobgoblins
  2 jackals (D:1)
  7 kobolds
  3 quokkas
  7 frilled lizards
  5 rats
96 creatures vanquished.

Vanquished Creatures (others)
  A goblin (D:3)
1 creature vanquished.

Grand Total: 97 creatures vanquished

Notes
Turn   | Place    | Note
-------+----------+-------------------------------------------
     0 | D:1      | Rrauwl the Deep Dwarf Necromancer began the quest for the Orb.
     0 | D:1      | Reached XP level 1. HP: 15/15 MP: 3/3
   183 | D:1      | Reached XP level 2. HP: 19/24 MP: 0/4
   301 | D:1      | Gained mutation: You tend to lose your temper in combat. [potion of mutation]
   301 | D:1      | Gained mutation: You occasionally shout uncontrollably at your foes. [potion of mutation]
   301 | D:1      | Gained mutation: You are partially covered in iridescent scales. (AC +2) [potion of mutation]
   492 | D:1      | Reached skill level 1 in Fighting
   775 | D:2      | Found a faded altar of an unknown god.
   781 | D:2      | Became a worshipper of Gozag Ym Sagoz the Greedy
   822 | D:2      | Noticed Natasha
   828 | D:2      | Noticed a crimson imp
   832 | D:2      | Killed Natasha
   832 | D:2      | Reached XP level 3. HP: 8/31 MP: 0/6
   922 | D:2      | Noticed Jessica
  1064 | D:2      | Killed Jessica
  1064 | D:2      | Reached XP level 4. HP: 11/39 MP: 1/7
  1271 | D:2      | Noticed Sigmund
  1286 | D:2      | Lost mutation: You occasionally shout uncontrollably at your foes. [potion of cure mutation]
  1286 | D:2      | Lost mutation: You are partially covered in iridescent scales. (AC +2) [potion of cure mutation]
  1286 | D:2      | Lost mutation: You tend to lose your temper in combat. [potion of cure mutation]
  1289 | D:2      | Killed Sigmund
  1289 | D:2      | Reached skill level 5 in Necromancy
  1289 | D:2      | Reached XP level 5. HP: 27/45 MP: 0/9
  1361 | D:2      | Learned a level 3 spell: Vampiric Draining
  1541 | D:2      | Reached XP level 6. HP: 30/55 MP: 5/10
  1763 | D:3      | Noticed AAAAA's ghost (weakling OpWr)
  2159 | D:4      | Found Horeexapn's Food Shoppe.
  2164 | D:4      | Bought a meat ration for 70 gold pieces
  2164 | D:4      | Bought a meat ration for 70 gold pieces
  2726 | D:5      | Entered Level 5 of the Dungeon
  2733 | D:5      | Found a blossoming altar of Fedhas.
  2734 | D:5      | Found an opulent altar of Gozag.
  2738 | D:5      | Fell from the grace of Gozag
  2738 | D:5      | Became a worshipper of Fedhas Madash
  2840 | D:5      | Blew themself up

Skill      XL: |  1  2  3  4  5  6 |
---------------+-------------------+-----
Spellcasting   | 2 3 |  3.1
Fighting       | 1 2 |  2.6
Stealth        | 3 4 |  4.2
Dodging        | 3 |  3.6
Necromancy     | 5 |  5.7

Action                   |  1- 3 |  4- 6 || total
-------------------------+-------+-------++-------
Melee: Unarmed           |    14 |       ||    14
       Club              |    32 |   128 ||   160
 Cast: Pain              |    41 |    46 ||    87
       Vampiric Draining |       |    15 ||    15
Evoke: Wand              |       |    29 ||    29
  Use: Scroll            |     4 |     4 ||     8
       Potion            |     3 |     5 ||     8
 Stab: Sleeping          |     1 |       ||     1
  Eat: Bread ration      |     1 |       ||     1
       Fruit             |       |     3 ||     3
       Pizza             |       |     1 ||     1
Armor: Robe              |    12 |    81 ||    93
Dodge: Dodged            |    53 |   366 ||   419
